 Dungeon Sprint DCSS version 0.28-a0-410-gbef64dd269 (webtiles) character file.

Game seed: 2789268214253120840

2411 ugugthedestroyer the Cleaver (level 9, -27/86 HPs)
             Began as a Palentonga Fighter on Sept 6, 2021.
             Was an Initiate of Zin.
             Annihilated by Erolcha (28 damage)
             ... in the Dungeon (Sprint VII: "The Pits").
             The game lasted 00:06:09 (1125 turns).

ugugthedestroyer the Cleaver (Palentonga Fighter)   Turns: 1125, Time: 00:06:09

Health: -27/86     AC: 26    Str: 23    XL:     9   Next: 23%
Magic:  9/9        EV:  6    Int: 11    God:    Zin [......]
Gold:   0          SH:  0    Dex: 10    Spells: 8/8 levels left

rFire   . . .      SeeInvis +   n - +2 hand axe (vorpal)
rCold   . . .      Faith    .   c - +0 buckler
rNeg    . . .      Spirit   .   o - +3 chain mail
rPois   .          Reflect  .   u - +0 helmet
rElec   .          Harm     .   (no cloak)
rCorr   .          Rampage  .   s - +0 pair of gloves
Will    .....      NoTele   +   (no barding)
Stlth   ..........              (no amulet)
HPRegen 0.24/turn               d - +3 ring of protection
MPRegen 0.11/turn               f - +3 ring of intelligence

@: confused, curled up
A: large, rugged brown scales 3, see invisible, deformed body, roll 1, armoured
tail, reflexive curl
a: Rolling Charge, Renounce Religion, Donate Gold


You were in the Dungeon.
You worshipped Zin.
Zin was noncommittal.
You visited 1 branch

Inventory:

Hand Weapons
 a - a +0 war axe
 k - a +2 mace
 l - a +2 hand axe
 n - a +2 vorpal hand axe (weapon)
Armour
 b - a +0 scale mail
 c - a +0 buckler (worn)
 o - a +3 chain mail (worn)
 s - a +0 pair of gloves (worn)
 t - a +0 pair of boots
 u - a +0 helmet (worn)
Jewellery
 d - a +3 ring of protection (left hand)
 f - a +3 ring of intelligence (right hand)
Scrolls
 j - a scroll of blinking
Potions
 e - 4 potions of curing
 g - a potion of might
 h - 4 potions of magic
 i - 2 potions of berserk rage
 m - a potion of invisibility
 p - 3 potions of heal wounds
 q - a potion of brilliance


   Skills:
 + Level 11.0 Fighting
 + Level 11.4 Axes
 + Level 10.4 Armour
 - Level 1.2 Dodging
 + Level 7.3 Shields


You had 8 spell levels left.
You didn't know any spells.
Your spell library was empty.

Dungeon Overview and Level Annotations

Branches:
Dungeon (1/1)

Altars:
Ashenzari
Cheibriados
Dithmenos
Elyvilon
Fedhas
Gozag
Hepliaklqana
Kikubaaqudgha
Makhleb
Nemelex Xobeh
Okawaru
Qazlal
Ru
Sif Muna
Trog
Uskayaw
Vehumet
Wu Jian
Xom
Yredelemnul
Zin
The Shining One
Beogh
Jiyva
Lugonu

Annotations:
D Erolcha


Innate Abilities, Weirdness & Mutations

You are completely covered in rugged brown scales. (AC +3, +7% HP)
You have supernaturally acute eyesight. (SInv)
Armour fits poorly on your strangely shaped body.
You can roll at nearby foes to attack.
You have a long armoured tail.
You curl defensively after being hit.


Message History

* * * LOW HITPOINT WARNING * * *
You feel sick.
Unknown command.
You are engulfed in noxious fumes.
You choke on the stench!
You are more confused.
* * * LOW HITPOINT WARNING * * *
You feel sick.
You are engulfed in noxious fumes.
* * * LOW HITPOINT WARNING * * *
You feel sick.
You are no longer poisoned.
The swamp drake barely misses you.
Unknown command.
You hit the swamp drake.
The swamp drake is severely wounded.
The swamp drake bites you but does no damage.
Erolcha shouts!
You bump into the metal wall.
You feel less confused. The swamp drake breathes poison at you.
The noxious blast engulfs you but does no damage.
You are poisoned.
Unknown command.
You hit the swamp drake.
The swamp drake is almost dead.
You are engulfed in noxious fumes.
You choke on the stench!
You are confused.
You feel sick.
You are engulfed in noxious fumes.
You choke on the stench!
You are more confused.
* * * LOW HITPOINT WARNING * * *
You feel sick.
The swamp drake bites you but does no damage.
You bump into the metal wall.
You are engulfed in noxious fumes.
* * * LOW HITPOINT WARNING * * *
x2 You feel sick.
You are no longer poisoned.
The swamp drake bites you but does no damage.
Erolcha hits you with a +6 giant club!!
You die...

###.##................+
....)'................+
'#####......#..#......#
)#..##................#
))).#####'#####''######
##+###.......##''#####
....##.......##......#
....##.......##O...###
'#####...<...##.@.##.+
))..##.......##.k##..#
)...##.......##..#..#
######.......##..#°.#
.#.. ##########..†..+
.#.############..#..#
.#.#....#....##..#..#
.#)#....#...[##..##..#
.#)†....'..))##..÷##.+


You could see Erolcha and a swamp drake.

Vanquished Creatures
  A shadow wraith (D)
  A black mamba (D)
  A demonic crawler (D)
  An air elemental (D)
  Eustachio (D)
  A warg (D)
  A floating eye (D)
  An orc warrior (D)
  An ice beast (D)
  A wolf (D)
  A centaur (D)
  A phantom (D)
  Blork the orc (D)
  A gnoll sergeant (D)
  A scorpion (D)
  An orc priest (D)
  An iguana (D)
  2 orc wizards (D)
  6 gnolls (D)
  A river rat (D)
  An ufetubus (D)
  6 orcs (D)
  A kobold (D)
  A ball python (D)
  A ball python skeleton (D)
  A rat (D)
37 creatures vanquished.

Notes
Turn   | Place    | Note
-------+----------+-------------------------------------------
     0 | D        | ugugthedestroyer the Palentonga Fighter began the quest for
                  | the Orb.
     0 | D        | Reached XP level 1. HP: 19/19 MP: 1/1
    40 | D        | Found a bloodstained altar of Trog.
    40 | D        | Found a shimmering blue altar of Sif Muna.
    40 | D        | Found a viscous altar of Jiyva.
    40 | D        | Found a hazy altar of Hepliaklqana.
    40 | D        | Found an opulent altar of Gozag.
    41 | D        | Found a glowing golden altar of the Shining One.
    41 | D        | Found a glowing silver altar of Zin.
    41 | D        | Found a basalt altar of Yredelemnul.
    41 | D        | Found a shimmering altar of Xom.
    41 | D        | Found an ornate altar of the Wu Jian Council.
    41 | D        | Found a sacrificial altar of Ru.
    41 | D        | Found a stormy altar of Qazlal.
    41 | D        | Found an iron altar of Okawaru.
    41 | D        | Found a sparkling altar of Nemelex Xobeh.
    41 | D        | Found a burning altar of Makhleb.
    41 | D        | Found a blossoming altar of Fedhas.
    41 | D        | Found a white marble altar of Elyvilon.
    41 | D        | Found a shadowy altar of Dithmenos.
    41 | D        | Found a snail-covered altar of Cheibriados.
    43 | D        | Found a radiant altar of Vehumet.
    43 | D        | Found a corrupted altar of Lugonu.
    45 | D        | Found an ancient bone altar of Kikubaaqudgha.
    45 | D        | Found a hide-covered altar of Uskayaw.
    45 | D        | Found a broken altar of Ashenzari.
    51 | D        | Became a worshipper of Zin the Law-Giver
    63 | D        | Noticed a floating eye
    65 | D        | Paralysed by a floating eye for 4 turns
    71 | D        | Killed a floating eye
    72 | D        | Reached skill level 5 in Fighting
    72 | D        | Reached XP level 2. HP: 29/29 MP: 2/2
    72 | D        | Reached XP level 3. HP: 36/36 MP: 3/3
    72 | D        | Reached XP level 4. HP: 42/42 MP: 4/4
    87 | D        | Reached skill level 5 in Armour
   340 | D        | Noticed an ice beast
   346 | D        | Killed an ice beast
   347 | D        | Reached skill level 1 in Dodging
   347 | D        | Reached skill level 5 in Shields
   347 | D        | Reached XP level 5. HP: 35/51 MP: 5/5
   464 | D        | Noticed a centaur
   464 | D        | Noticed a wolf
   467 | D        | Noticed a warg
   471 | D        | Noticed Blork the orc
   473 | D        | Noticed a phantom
   476 | D        | Killed a warg
   477 | D        | Reached skill level 5 in Axes
   477 | D        | Reached XP level 6. HP: 40/59 MP: 6/6
   488 | D        | Gained mutation: You curl defensively after being hit.
                  | [Palentonga growth]
   488 | D        | Reached XP level 7. HP: 41/67 MP: 7/7
   500 | D        | Killed Blork the orc
   520 | D        | Noticed Eustachio
   527 | D        | Killed Eustachio
   544 | D        | Noticed a shadow wraith
   550 | D        | Reached XP level 8. HP: 53/77 MP: 8/8
   573 | D        | Killed a shadow wraith
   574 | D        | Reached skill level 10 in Fighting
   574 | D        | Reached skill level 10 in Axes
   701 | D        | Noticed Erolcha
   779 | D        | Noticed a black mamba
   780 | D        | Noticed an air elemental
   784 | D        | Paralysed by an air elemental for 1 turns
   788 | D        | Paralysed by an air elemental for 1 turns
   791 | D        | Killed a black mamba
   792 | D        | Reached skill level 10 in Armour
   792 | D        | Reached XP level 9. HP: 25/84 MP: 9/9
  1088 | D        | Noticed a demonic crawler
  1115 | D        | Killed a demonic crawler
  1123 | D        | HP: 4/86 [swamp drake] (1)]
  1124 | D        | HP: 1/86 [swamp drake] (2)]
  1125 | D        | Annihilated by Erolcha

Illustrated notes

Levels and vault maps discovered:
D:        pitsprint [storerooms_1, entrance_room_1, metal_vault_6, armoury_2,
          mini_pit_1, grid_room_1, main_hall_1, silver_pit, the_coven_3,
          the_vestibule_1, steel_vault_3, golden_pit, hallway_of_sentries,
          crystal_vault_4, iron_vault_4, final_vault]

Skill      XL: |  1  2  3  4  5  6  7  8  9 |
---------------+----------------------------+-----
Fighting       | 5 7 8 9 10 11 | 11.0
Axes           | 3 4 5 6 8 10 11 | 11.4
Armour         | 4 6 7 8 10 | 10.4
Shields        | 4 5 6 7 |  7.3
Dodging        | 1 |  1.2

Action                   |  1- 3 |  4- 6 |  7- 9 || total
-------------------------+-------+-------+-------++-------
Melee: Hand axe          |     5 |    38 |    97 ||   140
       Tailslap          |     2 |     4 |    15 ||    21
       War axe           |     1 |       |       ||     1
  Use: Potion            |       |     5 |    12 ||    17
Armor: Scale mail        |       |    12 |       ||    12
       Chain mail        |       |     5 |    90 ||    95
Dodge: Dodged            |       |    24 |    28 ||    52
Block: Buckler           |     1 |     5 |    28 ||    34

Table legend: (Time is in decaauts)
 A = Elapsed time spent in this place.
 B = Non-inter-level travel time spent in this place.
 C = Inter-level travel time spent in this place.
 D = Time resting spent in this place.
 E = Time spent auto-exploring this place.
 F = Levels seen in this place.
 G = Mean time per level.
                   A        B        C        D        E       F      G
               +--------+--------+--------+--------+--------+-----+--------+
         Total |   1118 |   1118 |      0 |      0 |      0 |   1 | 1118.0 |
       Dungeon |   1118 |   1118 |      0 |      0 |      0 |   1 | 1118.0 |
               +--------+--------+--------+--------+--------+-----+--------+

Top non-repeatable levels by time:
       D: 1118 daAuts
